 Dungeon Crawl Stone Soup version 0.22-a0-252-gcace5d2 (webtiles) character file.

8 mhoghedin the Grasshopper (level 2, -1/25 HPs)
             Began as a Ghoul Warper on Mar 1, 2018.
             Slain by a leopard gecko (2 damage)
             ... on level 1 of the Dungeon.
             The game lasted 00:00:30 (74 turns).

mhoghedin the Grasshopper (Ghoul Warper)              Turns: 74, Time: 00:00:31

Health: -1/25      AC:  3    Str: 14    XL:     2   Next: 8%
Magic:  3/3        EV: 11    Int:  8    God:
Gold:   15         SH:  0    Dex:  8    Spells: 4/4 levels left

rFire    . . .     SeeInvis .     - Unarmed
rCold    + . .     Gourm    .   (no shield)
rNeg     + + +     Faith    .   a - +0 leather armour
rPois    ∞         Spirit   .   (no helmet)
rElec    .         Reflect  .   (no cloak)
rCorr    .         Harm     .   (no gloves)
MR       .....                  (no boots)
Stlth    +.........             (no amulet)
HPRegen  0.00/turn              (no ring)
MPRegen  0.08/turn              (no ring)

@: rotting
A: rotting body, claws 1, carnivore, cold resistance 1, negative energy
resistance 3, inhibited regeneration, torment resistance, unbreathing
a: no special abilities


You were on level 1 of the Dungeon.
You were not hungry.

You visited 1 branch of the dungeon, and saw 1 of its levels.

You collected 15 gold pieces.

Inventory:

Missiles
 d - 5 tomahawks of dispersal {=f}
Armour
 a - a +0 leather armour (worn)
Scrolls
 b - 2 scrolls of amnesia {unknown}
 c - a scroll of blinking {!r}
Comestibles
 f - a ration


   Skills:
 + Level 2.6 Fighting
 - Level 0.8 Throwing
 - Level 0.8 Armour
 - Level 1.7 Dodging
 + Level 2.6 Unarmed Combat
 - Level 1.7 Spellcasting
   Level 2.6 Translocations


You had 4 spell levels left.
You didn't know any spells.

Dungeon Overview and Level Annotations

Branches:
Dungeon (1/15)

Altars:


Innate Abilities, Weirdness & Mutations

Your body is rotting away.
You thrive on raw meat.
You are immune to poison.
You have sharp fingernails.
You are carnivorous and can eat meat at any time.
Your flesh is cold resistant. (rC+)
You are immune to negative energy. (rN+++)
You do not regenerate when monsters are visible.
You are immune to unholy pain and torment.
You can survive without breathing.


Message History

No target in view!
No target in view!
No target in view!
No target in view!
Health restored: 18 No target in view!
No target in view!
No target in view!
No target in view!
No target in view!
No target in view!
No target in view!
No target in view!
No target in view!
You now have 15 gold pieces.
A leopard gecko, a rat and a kobold come into view.
The kobold shouts!
The leopard gecko hisses angrily.
The leopard gecko hisses menacingly.
A bat comes into view.
There are monsters nearby!
There are monsters nearby!
A kobold comes into view. It is wielding a dagger.
The kobold shouts!
A dart slug comes into view.
A jackal and a hobgoblin come into view.
The jackal barks!
The hobgoblin shouts!
The bat hits you but does no damage.
You barely miss the leopard gecko. The bat hits you but does no damage.
The leopard gecko bites you.
You scratch the leopard gecko. The bat hits you.
The leopard gecko barely misses you. The leopard gecko bites you.
The kobold misses you.
You scratch the leopard gecko but do no damage.
The bat hits you. The rat bites you but does no damage.
The leopard gecko misses you.
A goblin and a hobgoblin come into view.
You are too injured to fight recklessly!
You are too injured to fight recklessly!
You take 8 damage, and have 10/18 hp.
MASSIVE DAMAGE!!
The bat hits you. The kobold barely misses you.
The kobold hits you but does no damage.
You take 1 damage, and have 9/18 hp.
The jackal closely misses you. The kobold barely misses you.
The jackal barely misses you. The kobold hits you with a short sword.
The bat hits you.
* * * LOW HITPOINT WARNING * * *
You take 4 damage, and have 5/18 hp.
MASSIVE DAMAGE!!
The bat barely misses you. The bat hits you but does no damage.
The jackal misses you. The bat misses you. The bat hits you but does no damage.
The bat barely misses you. The jackal barely misses you.
The bat barely misses you. The bat hits you.
* * * LOW HITPOINT WARNING * * *
The jackal bites you but does no damage.
You take 1 damage, and have 4/18 hp.
There is an open door here.
The bat hits you but does no damage. The bat hits you.
* * * LOW HITPOINT WARNING * * *
You take 1 damage, and have 3/18 hp.
You are too injured to fight recklessly!
You closely miss the bat. The bat closely misses you. The bat misses you.
You claw the jackal!
You kill the jackal!
The bat hits you but does no damage.
The leopard gecko hisses menacingly.
You scratch the kobold.
You kill the kobold!
You feel your flesh rotting away.
You scratch the bat.
You kill the bat!
You have reached level 2!
The kobold hits you with a short sword.
* * * LOW HITPOINT WARNING * * *
You take 2 damage, and have 1/24 hp.
MP restored: 3 The kobold closely misses you.
You see here a bat corpse.
You butcher the bat corpse.
The kobold hits you but does no damage.
You see here a chunk of flesh {@w0}.
Eat a chunk of flesh {@w0}? (ye/n/q)
You eat the chunk of flesh {@w0}.
You feel more resilient.
This raw flesh tastes great!
The kobold barely misses you.
You regained 3 hp, and now have 4/25 hp.
You scratch the kobold.
You kill the kobold!
The leopard gecko barely misses you.
You miss the leopard gecko. The leopard gecko bites you.
* * * LOW HITPOINT WARNING * * *
You take 3 damage, and have 1/25 hp.
You closely miss the leopard gecko. The leopard gecko barely misses you.
You barely miss the leopard gecko. The leopard gecko barely misses you.
Okay, then.
Unknown command.
Unknown command.
You scratch the leopard gecko but do no damage.
The leopard gecko bites you.
You die...

.............†.[#
................#
......#........##
.....$?.##.....##
......###.......# ......
##......##########
...............#........#
.......##.....w#........#
####. ##..[.rl@.......# #
#.#.#g#........#
#######........#
#..'.#........#
#..#'#........#
###'#<#........#
#...#####'######
#...#.....# #...'.....#


You could see a dart slug, a leopard gecko, a hobgoblin and a rat.

Vanquished Creatures
  A dart slug (D:1)
  A bat (D:1)
  A jackal (D:1)
  2 kobolds (D:1)
  A rat (D:1)
6 creatures vanquished.

Notes
Turn   | Place    | Note
-------+----------+-------------------------------------------
     0 | D:1      | mhoghedin the Ghoul Warper began the quest for the Orb.
     0 | D:1      | Reached XP level 1. HP: 17/17 MP: 2/2
    60 | D:1      | HP: 4/18 [bat (1)]
    66 | D:1      | Reached XP level 2. HP: 5/24 MP: 3/3
    66 | D:1      | HP: 1/24 [kobold/short sword (4)]
    71 | D:1      | HP: 1/25 [leopard gecko (3)]
    74 | D:1      | Slain by a leopard gecko

Vault maps used:
D:1:      evilmike_arrival_fibonacci_small, kennysheep_small_spiral

Action                   || total
-------------------------++-------
Melee: Unarmed           ||    18
  Eat: Chunk             ||     1
Armor: Leather armour    ||    12
Dodge: Dodged            ||    22

Table legend:
 A = Spawn XP
 B = Non-spawn XP
 C = Spawn XP percentage of total XP
 D = Spawn monster count
 E = Non-spawn monster count
 F = Spawn count percentage of total count
 G = Total turns spent on level
                    A         B        C        D         E        F      G
               +---------+---------+-------+---------+---------+-------+---------
         Total |       0 |      12 |   0.0 |       0 |       6 |   0.0 |    74
               +---------+---------+-------+---------+---------+-------+---------
           D:1 |       0 |      12 |   0.0 |       0 |       6 |   0.0 |    74
               +---------+---------+-------+---------+---------+-------+---------

Vault maps used:
D:1:      evilmike_arrival_fibonacci_small, kennysheep_small_spiral

Table legend:
 A = Turns spent in this place as a percentage of turns spent in the entire game.
 B = Non-inter-level travel turns spent in this place as a percentage of non-inter-level travel turns spent in the entire game.
 C = Inter-level travel turns spent in this place as a percentage of turns spent in this place.
 D = Turns resting spent in this place as a percentage of non-inter-level travel turns spent in this place.
 E = Turns spent auto-exploring this place as a percentage of non-inter-level travel turns spent in this place.
 F = Non-inter-level travel turns spent in this place divided by the number of levels of this place that you've seen.
                   A       B       C       D       E      F
               +-------+-------+-------+-------+-------+----------------------
         Total | 100.0 | 100.0 |   0.0 |   0.0 |  44.6 |  74.0
       Dungeon | 100.0 | 100.0 |   0.0 |   0.0 |  44.6 |  74.0
               +-------+-------+-------+-------+-------+----------------------

Table legend:
 A = Kills in this place as a percentage of kills in entire the game.
 B = Kills by you in this place as a percentage of kills by you in the entire game.
 C = Kills by friends in this place as a percentage of kills by friends in the entire game.
 D = Other kills in this place as a percentage of other kills in the entire game.
 E = Experience gained in this place as a percentage of experience gained in the entire game.
 F = Experience gained in this place divided by the number of levels of this place that you have seen.
                   A       B       C       D       E      F
               +-------+-------+-------+-------+-------+----------------------
         Total | 100.0 | 100.0 |   N/A |   N/A | 100.0 |  12.0
       Dungeon | 100.0 | 100.0 |   N/A |   N/A | 100.0 |  12.0
               +-------+-------+-------+-------+-------+----------------------
